 Dungeon Crawl Stone Soup version 0.28-a0-863-g8cecda6153 (webtiles) character file.

Game seed: 14260931955287626039

500 ytrimaz the Chopper (level 7, -2/53 HPs)
             Began as a Formicid Fighter on Nov 16, 2021.
             Slain by an ogre (19 damage)
             ... on level 4 of the Dungeon.
             The game lasted 00:04:06 (4644 turns).

ytrimaz the Chopper (Formicid Fighter)              Turns: 4644, Time: 00:04:07

Health: -2/53      AC: 12    Str: 23    XL:     7   Next: 40%
Magic:  16/16      EV:  6    Int:  7    God:
Gold:   105        SH:  4    Dex: 10    Spells: 6/6 levels left

rFire   . . .      SeeInvis +   a - +0 war axe
rCold   . . .      Faith    .   c - +0 buckler
rNeg    . . .      Spirit   .   o - +0 plate armour
rPois   .          Reflect  .   (helmet unavailable)
rElec   .          Harm     .   (no cloak)
rCorr   .          Rampage  .   (no gloves)
Will    .....                   (no boots)
Stlth   ..........              (no amulet)
HPRegen 0.17/turn               j - ring of magical power
MPRegen 0.15/turn               (no ring)

@: no status effects
A: permanent stasis, dig shafts and tunnels, antennae 3, four strong arms
a: Dig, Shaft Self


You were on level 4 of the Dungeon.
You visited 1 branch of the dungeon, and saw 7 of its levels.

You collected 105 gold pieces.

Inventory:

Hand Weapons
 a - a +0 war axe (weapon)
Missiles
 f - 4 silver javelins
 i - 15 poisoned darts
Armour
 c - a +0 buckler (worn)
 o - a +0 plate armour (worn)
Jewellery
 j - a ring of magical power (left hand)
 m - a ring of magical power
Scrolls
 e - a scroll of amnesia
Potions
 b - a potion of attraction
 g - a potion of curing
 k - a potion of mutation {unknown}
 l - a potion of flight {unknown}


   Skills:
 + Level 3.8 Fighting
 * Level 5.6 Axes
 + Level 5.4 Armour
 + Level 4.5 Shields


You had 6 spell levels left.
You didn't know any spells.
Your spell library was empty.

Dungeon Overview and Level Annotations

Branches:
Dungeon (7/15)
 Temple: D:4-7

Altars:

Annotations:
D:3 2 transporters, AlleluiaPinecone's ghost, amateur HOFi


Innate Abilities, Weirdness & Mutations

You cannot be hasted, slowed, berserked, paralysed or teleported.
You can dig through walls and to a lower floor.
You have a pair of large antennae on your head. (SInv)
Your four strong arms can wield two-handed weapons with a shield.


Message History

You closely miss the iguana. You block the adder's attack.
The iguana bites you. You block the adder's attack.
You closely miss the adder.
The adder is almost dead.
You barely miss the iguana. You closely miss the ogre. The iguana bites you.
The adder bites you but does no damage. You block the ogre's attack.
You slash the adder!
You kill the adder!
You closely miss the iguana. You slash the ogre!
The iguana bites you but does no damage.
The ogre hits you with a +0 giant club! The iguana bites you.
Your plate armour prevents you from hitting the iguana.
The iguana is heavily wounded.
You hit the ogre. The ogre hits you with a +0 giant club!
The iguana bites you but does no damage.
You are too injured to fight recklessly!
You are too injured to fight recklessly!
You are too injured to fight recklessly!
You are too injured to fight recklessly!
You are too injured to fight recklessly!
You are too injured to fight recklessly!
You are too injured to fight recklessly!
You are too injured to fight recklessly!
You are too injured to fight recklessly!
You are too injured to fight recklessly!
You are too injured to fight recklessly!
You are too injured to fight recklessly!
You are too injured to fight recklessly!
You are too injured to fight recklessly!
Unknown command.
You hit the ogre but do no damage.
The ogre is heavily wounded.
You hit the iguana but do no damage.
The iguana bites you but does no damage.
The ogre hits you but does no damage.
You slash the ogre!
The ogre is severely wounded.
You hit the iguana but do no damage. The iguana bites you.
The ogre hits you with a +0 giant club!!
You die...

.. .. #
#.##.... #.
#... ..## # #.
...#.....
#.##.##..#.#.#
............#
#...O...#.#.
####..@......(.
#......l.......
#.###.......#.#
##.........
#..#.##"..
#..... ..
....=#. (
...#.#.# ##.?#
#


You could see an ogre and an iguana.

Vanquished Creatures
  A steam dragon (D:7)
  A water moccasin (D:7)
  A bullfrog (D:5)
  A centaur zombie (D:7)
  A hound (D:4)
  Terence (D:3)
  5 adders
  2 worms
  4 orcs
  4 endoplasms
  A giant cockroach (D:2)
  7 goblins
  4 hobgoblins
  A jackal (D:3)
  3 quokkas
  5 ball pythons
  3 bats
  A frilled lizard (D:2)
  5 kobolds
  6 rats
57 creatures vanquished.

Notes
Turn   | Place    | Note
-------+----------+-------------------------------------------
     0 | D:1      | ytrimaz the Formicid Fighter began the quest for the Orb.
     0 | D:1      | Reached XP level 1. HP: 18/18 MP: 1/1
   315 | D:1      | Noticed a golden eye
   317 | D:1      | Found a faded altar of an unknown god.
   317 | D:1      | You fall into a shaft and drop 1 floor!
   321 | D:2      | Reached XP level 2. HP: 21/24 MP: 2/2
   494 | D:1      | Reached XP level 3. HP: 29/29 MP: 3/3
   496 | D:1      | Noticed an eye of devastation
   517 | D:1      | Noticed a floating eye
   521 | D:1      | Noticed a shining eye
  1415 | D:2      | Reached XP level 4. HP: 26/35 MP: 4/4
  2181 | D:3      | Noticed Terence
  2192 | D:3      | Killed Terence
  2193 | D:3      | Reached XP level 5. HP: 22/41 MP: 5/5
  2591 | D:3      | Found a transporter.
  2593 | D:3      | Found a transporter.
  2598 | D:3      | Noticed AlleluiaPinecone's ghost (amateur HOFi)
  3543 | D:4      | You fall into a shaft and drop 3 floors!
  3672 | D:7      | Noticed a water moccasin
  3687 | D:7      | Killed a water moccasin
  3688 | D:7      | Reached XP level 6. HP: 26/47 MP: 6/6
  3713 | D:7      | Noticed a steam dragon
  3718 | D:7      | HP: 1/47 [steam dragon/ball of steam (15)]
  3724 | D:7      | Killed a steam dragon
  3725 | D:7      | Reached skill level 5 in Axes
  3725 | D:7      | Reached skill level 5 in Armour
  3725 | D:7      | Reached XP level 7. HP: 17/53 MP: 7/7
  4217 | D:7      | Noticed a vampire mosquito
  4218 | D:7      | Noticed a vampire mosquito
  4218 | D:7      | Noticed a vampire mosquito
  4276 | D:5      | Entered Level 5 of the Dungeon
  4644 | D:4      | Slain by an ogre

Illustrated notes

Levels and vault maps discovered:
D:1:      erik_arrival_triangle_small, layout_basic,
          hellmonk_ecumenical_altar_watching_god
D:2:      layout_rooms
D:3:      layout_loops_ring, gammafunk_ghost_arena, minivault_11,
          minmay_misc_feat_secret_circle, st_stairs_14,
          minmay_misc_feat_enclosed, uniq_terence
D:4:      layout_basic, mainiacjoe_overflow_alcove_2,
          mainiacjoe_overflow_alcove_1, lemuel_crystal_altar
D:5:      layout_gridville, nicolae_overflow_crystal_walls,
          minmay_temple_entry_mini_moons, gammafunk_ghost_smash, uniq_edmund
D:6:      layout_rooms
D:7:      layout_loops_cross, tgw_xom, bh_walls_and_bars

Skill      XL: |  1  2  3  4  5  6 |
---------------+-------------------+-----
Axes           | 3 4 5 |  5.6
Shields        | 4 |  4.5
Armour         | 4 5 |  5.4
Fighting       | |  3.8

Action                   |  1- 3 |  4- 6 |  7- 9 || total
-------------------------+-------+-------+-------++-------
Melee: War axe           |    76 |    88 |    21 ||   185
 Abil: Dig               |       |       |     1 ||     1
  Use: Scroll            |     1 |     3 |     1 ||     5
       Potion            |       |     6 |       ||     6
Armor: Scale mail        |    31 |    36 |       ||    67
       Plate armour      |       |    36 |    21 ||    57
Dodge: Dodged            |    39 |    61 |    11 ||   111
Block: Buckler           |    17 |    31 |    11 ||    59

Table legend: (Time is in decaauts)
 A = Elapsed time spent in this place.
 B = Non-inter-level travel time spent in this place.
 C = Inter-level travel time spent in this place.
 D = Time resting spent in this place.
 E = Time spent auto-exploring this place.
 F = Levels seen in this place.
 G = Mean time per level.
                   A        B        C        D        E       F      G
               +--------+--------+--------+--------+--------+-----+--------+
         Total |   4705 |   4605 |    100 |   1538 |   2314 |   7 |  672.1 |
       Dungeon |   4705 |   4605 |    100 |   1538 |   2314 |   7 |  672.1 |
               +--------+--------+--------+--------+--------+-----+--------+

Top non-repeatable levels by time:
     D:3: 1490 daAuts
     D:1: 1204 daAuts
     D:2: 888 daAuts
     D:7: 681 daAuts
     D:5: 355 daAuts
     D:6: 58 daAuts
     D:4: 26 daAuts
